 Dungeon Crawl Stone Soup version 0.22-a0-612-gd2f0174 (webtiles) character file.

5 iamserjio the Chopper (level 1, -1/31 HPs)
             Began as a Naga Berserker on July 11, 2018.
             Was a Follower of Trog.
             Slain by a gnoll
             ... wielding a +0 flail
              (9 damage)
             ... on level 1 of the Dungeon.
             The game lasted 00:01:09 (195 turns).

iamserjio the Chopper (Naga Berserker)               Turns: 195, Time: 00:01:09

Health: -1/31      AC:  2    Str: 24    XL:     1   Next: 80%
Magic:  1/1        EV: 10    Int:  7    God:    Trog [*.....]
Gold:   35         SH:  0    Dex: 10    Spells: 0/0 levels left

rFire    . . .     SeeInvis +   a - +0 hand axe
rCold    . . .     Gourm    .   (no shield)
rNeg     . . .     Faith    .   b - +0 animal skin
rPois    +         Spirit   .   (no helmet)
rElec    .         Reflect  .   (no cloak)
rCorr    .         Harm     .   e - +0 pair of gloves
MR       .....                  (no barding)
Stlth    ..........             (no amulet)
HPRegen  0.10/turn              (no ring)
MPRegen  0.07/turn              (no ring)

@: berserking, quick
A: large, see invisible, deformed body, poison resistance, slowness 2, slow
metabolism 1, spit poison 1, AC +0
a: Spit Poison, Berserk, Renounce Religion


You were on level 1 of the Dungeon.
You worshipped Trog.
Trog was aware of your devotion.
You were not hungry.

You visited 1 branch of the dungeon, and saw 2 of its levels.

You collected 35 gold pieces.

Inventory:

Hand Weapons
 a - a +0 hand axe (weapon)
Armour
 b - a +0 animal skin (worn)
 e - a +0 pair of gloves (worn)
Potions
 d - a potion of cancellation {unknown}
Comestibles
 c - a ration
 f - 2 chunks of flesh


   Skills:
 + Level 3.0 Fighting
 * Level 3.1 Axes
 + Level 1.6 Armour
 - Level 1.5 Dodging
 + Level 0.7 Stealth


You couldn't memorise any spells.
You didn't know any spells.
Your spell library was empty.

Dungeon Overview and Level Annotations

Branches:
Dungeon (2/15)

Altars:


Innate Abilities, Weirdness & Mutations

You cannot wear boots.
Your serpentine skin is tough. (AC +0)
You have supernaturally acute eyesight. (SInv)
Armour fits poorly on your strangely shaped body.
Your system is resistant to poisons. (rPois)
You cover ground very slowly.
You have a slow metabolism.
You can spit poison.


Message History

You slash the giant cockroach!
You kill the giant cockroach!
Trog accepts your kill.
Found a ration.
Found a ration.
A gnoll comes into view. It is wielding a flail.
The gnoll shouts!
A bat comes into view.
You closely miss the bat. The bat barely misses you. The bat barely misses you.
You see here a ration.
A red film seems to cover your vision as you go berserk!
You feel yourself moving faster!
You feel mighty!
You feel a lot more hungry. The bat hits you but does no damage. x2
You slash the gnoll!
The gnoll is almost dead.
You miss the bat. The bat hits you but does no damage. The bat hits you.
* * * LOW HITPOINT WARNING * * *
The gnoll hits you with a flail!
You die...

# #..... %..#
###### #...# #..#
.....####..†####..#
...>...)....>.....#
.########...##.#..#
###.##†#..#
#.##.#..# #.##.#..#
#.##.#@b# #.##.#.g#
..##....# .....#
##..## #..# #..#
#..#


You could see a gnoll and a bat.

Vanquished Creatures
  A leopard gecko (D:2)
  A giant cockroach (D:1)
  A hobgoblin (D:1)
  A rat (D:1)
4 creatures vanquished.

Notes
Turn   | Place    | Note
-------+----------+-------------------------------------------
     0 | D:1      | iamserjio the Naga Berserker began the quest for the Orb.
     0 | D:1      | Reached XP level 1. HP: 21/21 MP: 1/1
   195 | D:1      | Slain by a gnoll

Vault maps used:
D:1:      minmay_arrival_open_corners
D:2:      uniq_natasha

Action                   || total
-------------------------++-------
Melee: Hand axe          ||    25
Invok: Berserk           ||     1
 Abil: Spit Poison       ||     1
Armor: Animal skin       ||     3
Dodge: Dodged            ||    19

Table legend:
 A = Spawn XP
 B = Non-spawn XP
 C = Spawn XP percentage of total XP
 D = Spawn monster count
 E = Non-spawn monster count
 F = Spawn count percentage of total count
 G = Total turns spent on level
                    A         B        C        D         E        F      G
               +---------+---------+-------+---------+---------+-------+---------
         Total |       0 |       8 |   0.0 |       0 |       4 |   0.0 |   195
               +---------+---------+-------+---------+---------+-------+---------
           D:1 |       0 |       5 |   0.0 |       0 |       3 |   0.0 |    61
           D:2 |       0 |       3 |   0.0 |       0 |       1 |   0.0 |   134
               +---------+---------+-------+---------+---------+-------+---------
